 Dungeon Crawl Stone Soup version 0.31-a0-876-gfe8ebadbca (webtiles) character file.

Game seed: 13279880942344929035

135 bobo the Chopper (level 5, -6/76 HPs)
             Began as a Gnoll Chaos Knight on Oct 14, 2023.
             Was a Plaything of Xom.
             Mangled by an iron imp (9 damage)
             ... summoned by Xom
             ... on level 3 of the Dungeon.
             The game lasted 00:05:48 (2001 turns).

bobo the Chopper (Gnoll Chaos Knight)               Turns: 2001, Time: 00:05:49

Health: -6/76      AC:  8    Str: 13    XL:     5   Next: 18%
Magic:  7/7        EV: 11    Int: 12    God:    Xom [...*..]
Gold:   120        SH:  4    Dex: 11    Spells: 6/6 levels left

rFire   . . .        a - +0 hand axe (chaos)
rCold   . . .        t - +0 buckler
rNeg    . . .        b - +2 leather armour
rPois   .            (no helmet)
rElec   .            (no cloak)
rCorr   .            (no gloves)
SInv    .            e - +2 pair of boots
Will    .....        (no amulet) Stlth
                     (no ring)
HPRegen 0.32/turn    (no ring)
MPRegen 0.10/turn

%: no passive effects
@: berserking, very quick
A: fangs 1, strong nose, distributed training, robust 1
a: Renounce Religion


You were on level 3 of the Dungeon.
You worshipped Xom.
You were a favourite toy of Xom.
You visited 1 branch of the dungeon, and saw 3 of its levels.

You collected 120 gold pieces.

Inventory:

Hand Weapons
 a - a +0 hand axe of chaos (weapon)
 x - a +0 demon blade of pain
Missiles
 n - 3 throwing nets
Armour
 b - a +2 leather armour (worn)
 e - a +2 pair of boots (worn)
 l - a +2 ring mail of cold resistance
 t - a +0 buckler (worn)
Jewellery
 h - a ring of ice
 p - a ring of positive energy
Wands
 q - a wand of charming (19)
Scrolls
 c - a scroll of butterflies
 i - 3 scrolls of identify
 k - a scroll of noise
 r - a scroll of teleportation {unknown}
 s - a scroll of vulnerability {unknown}
 u - a scroll of amnesia {unknown}
 v - 3 scrolls of enchant weapon {unknown}
 y - 2 scrolls of immolation {unknown}
Potions
 d - a potion of curing
 j - a potion of attraction {unknown}
 m - a potion of brilliance {unknown}
 o - a potion of haste
 w - a potion of degeneration {unknown}


   Skills:
 + Level 6.7 Fighting
 + Level 1.4 Short Blades
 + Level 1.4 Long Blades
 + Level 6.7 Axes
 + Level 1.4 Maces & Flails
 + Level 1.4 Polearms
 + Level 1.4 Staves
 + Level 1.4 Ranged Weapons
 + Level 1.4 Throwing
 + Level 4.7 Armour
 + Level 2.9 Dodging
 + Level 1.4 Stealth
 + Level 1.4 Shields
 + Level 1.4 Unarmed Combat
 + Level 1.4 Spellcasting
 + Level 1.1 Conjurations
 + Level 1.1 Hexes
 + Level 1.1 Summonings
 + Level 1.1 Necromancy
 + Level 1.1 Translocations
 + Level 1.1 Transmutations
 + Level 1.1 Fire Magic
 + Level 1.1 Ice Magic
 + Level 1.1 Air Magic
 + Level 1.1 Earth Magic
 + Level 1.1 Poison Magic
 + Level 1.6 Invocations
 + Level 1.4 Evocations
 + Level 1.3 Shapeshifting


You had 6 spell levels left.
You didn't know any spells.
Your spell library contained the following spells:

 Spells                   Type           Power      Damage    Failure   Level
 Apportation              Tloc           6%         N/A       30%         1
 Summon Small Mammal      Summ           12%        N/A       30%         1
 Jinxbite                 Hex            6%         N/A       43%         2
 Call Canine Familiar     Summ           3%         N/A       67%         3
 Summon Guardian Golem    Hex/Summ       3%         N/A       67%         3
 Alistair's Intoxication  Tmut/Pois      2%         N/A       100%        5


Dungeon Overview and Level Annotations

Branches:
Dungeon (3/15)

Altars:
Uskayaw
Yredelemnul
The Shining One


Innate Abilities, Weirdness & Mutations

You have very sharp teeth.
Your uncanny sense of smell can sniff out nearby items.
Your experience applies equally to all skills.
You are robust. (+10% HP)


Message History

You closely miss the white imp.
The white imp is severely wounded.
You hit the iron imp but do no damage. The iron imp closely misses you.
You hit the iron imp but do no damage.
You bite the iron imp, but do no damage.
You barely miss the white imp. The white imp gestures at you.
The puff of frost hits you. The iron imp hits you!
The white imp hits you but does no damage.
You hit the iron imp but do no damage.
Space warps around the iron imp.
The iron imp is moderately wounded.
You hit the white imp.
You kill the white imp!
The white imp disappears in a puff of smoke!
You hit the iron imp.
The iron imp seems to grow stronger.
The iron imp is heavily wounded.
The iron imp hits you.
You hit the iron imp but do no damage.
The iron imp seems to speed up.
The iron imp is heavily wounded.
The iron imp barely misses you.
You hit the iron imp but do no damage.
The iron imp is moderately wounded.
The iron imp barely misses you. The iron imp hits you!
* * * LOW HITPOINT WARNING * * *
It was a potion of cancellation.
You feel magically purged. The iron imp hits you!
* * * LOW HITPOINT WARNING * * *
It was a potion of berserk rage.
A red film seems to cover your vision as you go berserk!
You feel yourself moving faster!
You feel mighty!
Xom thinks this is hilarious!
The iron imp hits you.
* * * LOW HITPOINT WARNING * * *
You completely miss the iron imp.
The iron imp is moderately wounded.
The iron imp closely misses you.
You barely miss the iron imp.
The iron imp is moderately wounded.
The iron imp hits you!
You die...

##################
#§[§.......(.....#
#@#########.......
#5# #.####.. #5#
#.# #.. #.# #.#
##. #.# #.# #. #.#
#.# ## #.# #.# #.#
#.# #.#


You could see an iron imp (summoned, fast, strong) and a shadow imp (summoned).

Vanquished Creatures
  Terence (D:3)
  Natasha (D:3)
  2 adders (D:2)
  A worm (D:2)
  2 dart slugs
  2 bats
  9 endoplasms
  3 giant cockroaches
  4 goblins
  7 hobgoblins
  A quokka (D:1)
  5 ball pythons
  6 frilled lizards
  9 kobolds
  7 rats
60 creatures vanquished.

Notes
Turn   | Place    | Note
-------+----------+-------------------------------------------
     0 | D:1      | bobo the Gnoll Chaos Knight began the quest for the Orb.
     0 | D:1      | Reached XP level 1. HP: 23/23 MP: 1/1
   100 | D:1      | Reached XP level 2. HP: 27/29 MP: 2/2
   154 | D:1      | XOM: silly message
   310 | D:1      | XOM: silly message
   510 | D:1      | Reached XP level 3. HP: 35/35 MP: 3/3
   551 | D:1      | XOM: divination: detect creatures
   639 | D:1      | XOM: silly message
   656 | D:1      | XOM: give mutation
   656 | D:1      | Gained mutation: You are robust. (+10% HP) [Xom's mischief]
  1001 | D:2      | Reached skill level 1 in Invocations
  1010 | D:2      | Reached skill level 1 in Short Blades
  1010 | D:2      | Reached skill level 1 in Long Blades
  1010 | D:2      | Reached skill level 1 in Maces & Flails
  1010 | D:2      | Reached skill level 1 in Polearms
  1010 | D:2      | Reached skill level 1 in Staves
  1010 | D:2      | Reached skill level 1 in Ranged Weapons
  1010 | D:2      | Reached skill level 1 in Throwing
  1010 | D:2      | Reached skill level 1 in Stealth
  1010 | D:2      | Reached skill level 1 in Shields
  1010 | D:2      | Reached skill level 1 in Unarmed Combat
  1010 | D:2      | Reached skill level 1 in Spellcasting
  1010 | D:2      | Reached skill level 1 in Evocations
  1095 | D:2      | Reached XP level 4. HP: 37/45 MP: 5/5
  1140 | D:2      | Reached skill level 1 in Shapeshifting
  1470 | D:3      | Noticed Terence
  1478 | D:3      | Killed Terence
  1479 | D:3      | Reached skill level 1 in Conjurations
  1479 | D:3      | Reached skill level 1 in Hexes
  1479 | D:3      | Reached skill level 1 in Summonings
  1479 | D:3      | Reached skill level 1 in Necromancy
  1479 | D:3      | Reached skill level 1 in Translocations
  1479 | D:3      | Reached skill level 1 in Transmutations
  1479 | D:3      | Reached skill level 1 in Fire Magic
  1479 | D:3      | Reached skill level 1 in Ice Magic
  1479 | D:3      | Reached skill level 1 in Air Magic
  1479 | D:3      | Reached skill level 1 in Earth Magic
  1479 | D:3      | Reached skill level 1 in Poison Magic
  1495 | D:3      | XOM: 1-stop teleportation journey
  1682 | D:3      | Noticed Natasha
  1688 | D:3      | Killed Natasha
  1689 | D:3      | Reached XP level 5. HP: 51/51 MP: 5/7
  1773 | D:3      | Found a glowing golden altar of the Shining One.
  1773 | D:3      | Found a hide-covered altar of Uskayaw.
  1773 | D:3      | Found a basalt altar of Yredelemnul.
  1961 | D:3      | XOM: blink monster(s)
  1988 | D:3      | XOM: summons 3 hostile demons
  1989 | D:3      | XOM: smoke on damage
  1999 | D:3      | HP: 2/76 [iron imp[Xom] (4)]
  2001 | D:3      | Mangled by an iron imp

Illustrated notes

Levels and vault maps discovered:
D:1:      scummos_arrival_gate, layout_basic, minmay_pentomino_q2
D:2:      layout_basic
D:3:      layout_loops_ring, gammafunk_temple_overflow_claw, uniq_natasha,
          uniq_terence

Skill      XL: |  1  2  3  4 |
---------------+-------------+-----
Invocations    | 1 |  1.6
Short Blades   | 1 |  1.4
Long Blades    | 1 |  1.4
Maces & Flails | 1 |  1.4
Polearms       | 1 |  1.4
Staves         | 1 |  1.4
Ranged Weapons | 1 |  1.4
Throwing       | 1 |  1.4
Stealth        | 1 |  1.4
Shields        | 1 |  1.4
Unarmed Combat | 1 |  1.4
Spellcasting   | 1 |  1.4
Evocations     | 1 |  1.4
Shapeshifting  | 1 |  1.3
Conjurations   | 1 |  1.1
Hexes          | 1 |  1.1
Summonings     | 1 |  1.1
Necromancy     | 1 |  1.1
Translocations | 1 |  1.1
Transmutations | 1 |  1.1
Fire Magic     | 1 |  1.1
Ice Magic      | 1 |  1.1
Air Magic      | 1 |  1.1
Earth Magic    | 1 |  1.1
Poison Magic   | 1 |  1.1
Fighting       | |  6.7
Axes           | |  6.7
Armour         | |  4.7
Dodging        | |  2.9

Action                     |  1- 3 |  4- 6 || total
---------------------------+-------+-------++-------
  Melee: Hand axe          |   107 |    63 ||   170
         Bite              |     5 |     4 ||     9
    Use: Potion            |     1 |     3 ||     4
         Scroll            |     1 |       ||     1
   Stab: Paralysed         |     1 |       ||     1
         Petrified         |     3 |       ||     3
         Petrifying        |     1 |       ||     1
         Sleeping          |       |     1 ||     1
 Armour: Leather armour    |    55 |    29 ||    84
  Dodge: Dodged            |    47 |    16 ||    63
  Block: Buckler           |     6 |     9 ||    15

Table legend: (Time is in decaauts)
 A = Elapsed time spent in this place.
 B = Non-inter-level travel time spent in this place.
 C = Inter-level travel time spent in this place.
 D = Time resting spent in this place.
 E = Time spent auto-exploring this place.
 F = Levels seen in this place.
 G = Mean time per level.
                   A        B        C        D        E       F      G
               +--------+--------+--------+--------+--------+-----+--------+
         Total |   1979 |   1915 |     64 |      0 |   1197 |   3 |  659.7 |
       Dungeon |   1979 |   1915 |     64 |      0 |   1197 |   3 |  659.7 |
               +--------+--------+--------+--------+--------+-----+--------+

Top non-repeatable levels by time:
     D:1: 919 daAuts
     D:3: 557 daAuts
     D:2: 502 daAuts
